 Dungeon Crawl Stone Soup version 0.23-a0-183-gf37f6fb (webtiles) character file.

518 Felrender the Slasher (level 7, 0/60 HPs)
             Began as a Minotaur Fighter on Sept 21, 2018.
             Slain by an orc wizard
             ... wielding a +0 dagger
              (2 damage)
             ... on level 4 of the Dungeon.
             The game lasted 00:09:28 (3015 turns).

Felrender the Slasher (Minotaur Fighter)            Turns: 3015, Time: 00:09:29

Health: 0/60       AC: 13    Str: 27    XL:     7   Next: 1%
Magic:  6/6        EV:  8    Int:  5    God:
Gold:   217        SH: 10    Dex: 10    Spells: 6/6 levels left

rFire    . . .     SeeInvis .   a - +0 long sword
rCold    . . .     Gourm    .   c - +0 shield
rNeg     . . .     Faith    +   e - +4 scale mail
rPois    .         Spirit   .   (helmet restricted)
rElec    .         Reflect  .   C - scarf {repulsion}
rCorr    .         Harm     .   (no gloves)
MR       .....                  i - +1 pair of boots
Stlth    ..........             y - amulet of faith
HPRegen  0.20/turn              (no ring)
MPRegen  0.10/turn              (no ring)

@: mighty, repel missiles
A: retaliatory headbutt, horns 2
a: no special abilities


You were on level 4 of the Dungeon.
You were not hungry.

You visited 1 branch of the dungeon, and saw 4 of its levels.

You collected 217 gold pieces.

Inventory:

Hand Weapons
 a - a +0 long sword (weapon)
 b - a +4 dagger
 t - a +3 quarterstaff of chaos
Armour
 c - a +0 shield (worn)
 e - a +4 scale mail (worn)
 i - a +1 pair of boots (worn)
 u - a +0 cloak
 C - a scarf of repulsion (worn)
Jewellery
 y - an amulet of faith (around neck)
Wands
 l - a wand of polymorph (17)
 z - a wand of flame (29)
Scrolls
 h - 2 scrolls of teleportation
 k - a scroll of magic mapping {unknown}
 p - a scroll of immolation {unknown}
 q - 2 scrolls of enchant armour
 r - a scroll of fog {unknown}
 v - a scroll of fear {unknown}
 w - a scroll of random uselessness {unknown}
 A - a scroll of amnesia {unknown}
 B - a scroll of identify
Potions
 g - a potion of agility
 j - a potion of berserk rage {unknown}
 o - a potion of brilliance {unknown}
 s - a potion of mutation {unknown}
Comestibles
 f - 9 rations
 n - 5 chunks of flesh


   Skills:
 + Level 4.9 Fighting
 + Level 5.8 Long Blades
 + Level 5.2 Armour
 + Level 1.5 Dodging
 + Level 0.1 Stealth
 + Level 5.7 Shields


You had 6 spell levels left.
You didn't know any spells.
Your spell library contained the following spells:

 Spells                   Type           Power        Failure   Level  Hunger
 Beastly Appendage        Tmut           #.....       98%         1    ##.....
 Magic Dart               Conj           #...         98%         1    ##.....
 Blink                    Tloc           N/A          99%         2    ###....
 Call Imp                 Summ           #.......     99%         2    ###....
 Slow                     Hex            #.......     99%         2    ###....
 Sticks to Snakes         Tmut           #.......     99%         2    ###....
 Conjure Flame            Conj/Fire      #.......     100%        3    ####...
 Mephitic Cloud           Conj/Pois/Air  #.......     100%        3    ####...
 Spider Form              Tmut/Pois      #.........   100%        3    ####...
 Ice Form                 Ice/Tmut       #.......     100%        4    #####..
 Blade Hands              Tmut           #.........   100%        5    ######.


Dungeon Overview and Level Annotations

Branches:
Dungeon (4/15)             Temple (0/1) D:4

Altars:
Kikubaaqudgha
Nemelex Xobeh
Okawaru
Qazlal
Trog
Uskayaw


Innate Abilities, Weirdness & Mutations

You reflexively headbutt those who attack you in melee.
You have a pair of horns on your head.


Message History

* * * LOW HITPOINT WARNING * * *
You feel very mighty all of a sudden. Something hits you but does no damage.
Your shield prevents you from hitting something.
You hear some strange, mumbled words.
You are confused.
You bump into the rock wall.
Something hits you but does no damage.
You bump into the rock wall.
Something hits you but does no damage.
The orc priest looks satisfied for a moment.
You closely miss something. Something hits you.
* * * LOW HITPOINT WARNING * * *
Some of the chunks of flesh in your inventory have rotted away.
You miss something. Your headbutt misses something.
Something hits you but does no damage.
The orc priest looks encouraged for a moment.
You bump into the rock wall.
Something hits you but does no damage.
You miss something.
You feel less confused. Something hits you.
You die...

.... #... #... #
#..# . #.o####.#
# #Ooo....# #.#
##########.#
#o####..........#
#o{@.......#
######.###.# #.#
#.# #.# #.# #.#
#.# #.# #.# #.#
#.# #.# #.#
##.###.# #.#
#..[...# ####


You could see an orc priest and an orc.

Vanquished Creatures
  A phantom (D:4)
  An orc priest (D:4)
  2 orc wizards (D:4)
  Crazy Yiuf (D:2)
  2 worker ants
  4 gnolls (D:4)
  11 adders
  An ooze (D:3)
  2 worms
  4 dart slugs
  5 leopard geckos
  11 orcs
  5 giant cockroaches
  9 goblins
  18 hobgoblins
  3 jackals (D:1)
  4 quokkas
  A ball python (D:1)
  2 bats (D:1)
  6 frilled lizards
  5 kobolds
  5 rats
103 creatures vanquished.

Notes
Turn   | Place    | Note
-------+----------+-------------------------------------------
     0 | D:1      | Felrender the Minotaur Fighter began the quest for the Orb.
     0 | D:1      | Reached XP level 1. HP: 19/19 MP: 0/0
   195 | D:1      | Reached XP level 2. HP: 27/27 MP: 1/1
   403 | D:1      | Reached XP level 3. HP: 31/33 MP: 2/2
   964 | D:2      | Reached XP level 4. HP: 23/41 MP: 3/3
  1546 | D:2      | Found a runed door.
  1550 | D:2      | Noticed Crazy Yiuf
  1561 | D:2      | Killed Crazy Yiuf
  1561 | D:2      | Reached XP level 5. HP: 20/47 MP: 4/4
  1968 | D:3      | Reached skill level 1 in Dodging
  2110 | D:3      | Found an ancient bone altar of Kikubaaqudgha.
  2262 | D:3      | Reached skill level 5 in Shields
  2301 | D:3      | Found a sparkling altar of Nemelex Xobeh.
  2588 | D:4      | Reached XP level 6. HP: 48/53 MP: 5/5
  2791 | D:4      | Found a stormy altar of Qazlal.
  2795 | D:4      | Found an iron altar of Okawaru.
  2796 | D:4      | Found a bloodstained altar of Trog.
  2796 | D:4      | Found a hide-covered altar of Uskayaw.
  2809 | D:4      | Reached skill level 5 in Long Blades
  2827 | D:4      | Reached skill level 5 in Armour
  2883 | D:4      | Found a staircase to the Ecumenical Temple.
  2998 | D:4      | Reached XP level 7. HP: 24/60 MP: 6/6
  3007 | D:4      | HP: 2/60 [orc priest/divine providence (12)]
  3012 | D:4      | HP: 1/60 [something (1)]
  3015 | D:4      | Slain by an orc wizard

Vault maps used:
D:1:      denvon_arrival_planthouse
D:2:      first_ration, uniq_crazy_yiuf_cottage
D:3:      lemuel_round_altar, lemuel_coloured_pillars_altar
D:4:      chequers_temple_overflow_statue_of_worship, minmay_temple_entry_hall,
          kennysheep_generic_room_2

Skill      XL: |  1  2  3  4  5  6 |
---------------+-------------------+-----
Fighting       | 4 |  4.9
Shields        | 4 5 |  5.7
Armour         | 4 5 |  5.2
Long Blades    | 3 4 5 |  5.8
Dodging        | 1 |  1.5
Stealth        | |  0.1

Action                   |  1- 3 |  4- 6 |  7- 9 || total
-------------------------+-------+-------+-------++-------
Melee: Long sword        |    90 |   181 |    13 ||   284
       Headbutt          |    10 |    36 |     1 ||    47
  Use: Scroll            |       |     7 |       ||     7
       Potion            |       |     3 |     1 ||     4
  Eat: Chunk             |       |     7 |       ||     7
Armor: Scale mail        |    36 |    52 |     8 ||    96
       Chain mail        |       |    13 |       ||    13
Dodge: Dodged            |    21 |    55 |       ||    76
Block: Shield            |    43 |    82 |     2 ||   127
       Rpst.: Long sword |     4 |    12 |       ||    16

Table legend:
 A = Non-vault XP
 B = Vault XP
 C = Vault XP percentage of total XP
 D = Non-vault monster count
 E = Vault monster count
 F = Vault count percentage of total count
                 A         B        C        D         E       F
            +---------+---------+-------+---------+---------+-------
      Total |     700 |      40 |   5.4 |     102 |       1 |   1.0
            +---------+---------+-------+---------+---------+-------
        D:1 |      51 |       0 |   0.0 |      25 |       0 |   0.0
        D:2 |     135 |      40 |  22.9 |      25 |       1 |   3.8
        D:3 |      62 |       0 |   0.0 |      23 |       0 |   0.0
        D:4 |     452 |       0 |   0.0 |      29 |       0 |   0.0
            +---------+---------+-------+---------+---------+-------
